 Dungeon Crawl Stone Soup version 0.30-a0-1114-gd936c97349 (webtiles) character file.

Game seed: 9772482989050799095

310 gelatine the Stinger (level 6, -8/43 HPs)
             Began as a Demonspawn Venom Mage on Apr 20, 2023.
             Mangled by an orc priest
             ... wielding a +0 morningstar
              (12 damage)
             ... on level 4 of the Dungeon.
             The game lasted 00:08:51 (3775 turns).

gelatine the Stinger (Demonspawn Venom Mage)        Turns: 3775, Time: 00:08:52

Health: -8/43      AC:  2    Str:  8    XL:     6   Next: 18%
Magic:  6/10       EV: 12    Int: 18    God:
Gold:   248        SH:  9    Dex: 14    Spells: 5/11 levels left

rFire   . . .      SeeInvis .    o - +4 whip (vamp)
rCold   . . .      Faith    .    (no shield)
rNeg    . . .      Spirit   .    a - +0 robe
rPois   .          Reflect  +    (no helmet)
rElec   .          Rampage  .    (no cloak)
rCorr   +                        (no gloves)
Will    .....                    (no boots)
Stlth   ++                       p - amulet of reflection
HPRegen 1.27/turn                f - ring of resist corrosion
MPRegen 0.12/turn                (no ring)

@: no status effects
A: large bone plates 1, powered by death 1, demonic touch 1
a: no special abilities


You were on level 4 of the Dungeon.
You visited 1 branch of the dungeon, and saw 4 of its levels.

You collected 248 gold pieces.

Inventory:

Hand Weapons
 n - a +2 short sword of speed
 o - a +4 vampiric whip (weapon)
Armour
 a - a +0 robe (worn)
 m - a +4 scale mail
Jewellery
 f - a ring of resist corrosion (left hand)
 p - an amulet of reflection (around neck)
Wands
 r - a wand of digging (3)
Scrolls
 d - a scroll of torment {unknown}
 e - 3 scrolls of identify {unknown}
 j - 3 scrolls of teleportation {unknown}
 k - a scroll of blinking {unknown}
 q - 2 scrolls of fog {unknown}
Potions
 b - a potion of magic
 c - 2 potions of curing {unknown}
 g - 2 potions of brilliance {unknown}
 h - 2 potions of heal wounds {unknown}
 i - a potion of resistance {unknown}
 l - a potion of mutation {unknown}
 s - a potion of lignification {unknown}


   Skills:
 * Level 1.1 Fighting
 + Level 0.3 Short Blades
 + Level 0.1 Maces & Flails
 * Level 1.2 Armour
 * Level 2.1 Dodging
 * Level 2.4 Stealth
 + Level 0.1 Shields
 * Level 3.1 Spellcasting
 * Level 1.3 Conjurations
 * Level 2.4 Transmutations
 * Level 1.0 Air Magic
 * Level 4.0 Poison Magic


You had 5 spell levels left.
You knew the following spells:

 Your Spells              Type           Power      Damage    Failure   Level
a - Sting                 Tmut/Pois      56%        1d5       4%          1
b - Poisonous Vapours     Pois/Air       22%        N/A       9%          2
c - Mephitic Cloud        Conj/Pois/Air  10%        N/A       21%         3

Your spell library contained the following spells:

 Spells                   Type           Power      Damage    Failure   Level
 Kiss of Death            Conj/Necr      20%        2d7       12%         1
 Olgreb's Toxic Radiance  Pois           17%        N/A       30%         4
 Confusing Touch          Hex            2%         N/A       43%         3
 Anguish                  Hex/Necr       1%         N/A       85%         4
 Dispel Undead            Necr           2%         3d7       85%         4
 Enfeeble                 Hex            1%         N/A       100%        7


Dungeon Overview and Level Annotations

Branches:
Dungeon (4/15)
 Temple: D:4-7

Altars:
Qazlal
Xom

Shops:
D:4 *


Innate Abilities, Weirdness & Mutations

You are partially covered in large bone plates. (SH +4)
You regenerate a little health from kills.
Your touch may inflict minor irresistible damage on your foes.


Message History

The sting hits the orc.
The orc is poisoned.
The orc is heavily wounded.
The orc priest shouts!
The sting hits the orc.
The orc looks even sicker.
You kill the orc!
The sting hits the orc wizard.
The orc wizard is poisoned.
The orc wizard is moderately wounded.
The orc priest invokes the aid of Beogh against you.
Beogh smites you!
You hit the orc wizard.
The orc wizard is heavily wounded.
The orc wizard casts a spell at you. The magic dart hits you.
The orc wizard attacks as you move away!
The orc wizard hits you with a +0 dagger.
You hit the orc.
The orc is almost dead.
The orc hits you with a +0 whip.
The orc wizard mumbles some strange words.
The orc wizard flickers and vanishes!
Deactivating autopickup; reactivate with Ctrl-A.
The orc priest looks encouraged for a moment.
You block the orc's attack.
You hit the orc.
You kill the orc!
The orc priest calls down the wrath of Beogh upon you.
Beogh smites you!
* * * LOW HITPOINT WARNING * * *
You miss something. Your touch misses something. Something hits you.
* * * LOW HITPOINT WARNING * * *
The orc priest casts a cantrip, but nothing happens.
You miss something. Your touch misses something. Something hits you.
* * * LOW HITPOINT WARNING * * *
You hit something.
Reactivating autopickup.
You feel a bit more experienced.
Your Air Magic skill increases to level 1!
You barely miss the orc priest. Your touch misses the orc priest.
The orc priest hits you with a +0 morningstar!
You die...

#........# +.........
#........# #.........
#........# #.........
#........# #.........
#........# ######....
#........#+######....
####'#........[......
#.#............###
#@#............#
#o#............#
#..o)).# ###.########
#.####.. .# #.## #.#
... ._. ...


You could see an orc priest.

Vanquished Creatures
  An ogre (D:3)
  A hound (D:4)
  2 orc priests (D:3)
  Jessica (D:3)
  An orc wizard (D:4)
  2 adders
  6 orcs
  5 ball pythons
  5 endoplasms
  A giant cockroach (D:2)
  8 goblins
  5 hobgoblins
  2 jackals (D:2)
  4 quokkas
  4 bats
  3 frilled lizards
  7 kobolds
  9 rats
67 creatures vanquished.

Notes
Turn   | Place    | Note
-------+----------+-------------------------------------------
     0 | D:1      | gelatine the Demonspawn Venom Mage began the quest for the
                  | Orb.
     0 | D:1      | Reached XP level 1. HP: 13/13 MP: 3/3
    65 | D:1      | You fall into a shaft and drop 1 floor!
   114 | D:2      | Reached skill level 1 in Transmutations
   298 | D:2      | Gained mutation: Your touch may inflict minor irresistible
                  | damage on your foes. [demonic ancestry]
   298 | D:2      | Reached XP level 2. HP: 18/19 MP: 0/5
   955 | D:1      | Gained mutation: You are partially covered in large bone
                  | plates. (SH +4) [demonic ancestry]
   955 | D:1      | Reached XP level 3. HP: 22/24 MP: 1/6
  1172 | D:2      | Learned a level 2 spell: Poisonous Vapours
  2372 | D:3      | Noticed an ogre
  2419 | D:2      | Learned a level 3 spell: Mephitic Cloud
  2607 | D:3      | Reached XP level 4. HP: 17/31 MP: 2/8
  2665 | D:3      | Found a stormy altar of Qazlal.
  2995 | D:3      | Noticed Jessica
  3005 | D:3      | Killed Jessica
  3006 | D:3      | Reached skill level 1 in Armour
  3006 | D:3      | Reached skill level 1 in Conjurations
  3006 | D:3      | Gained mutation: You regenerate a little health from kills.
                  | [demonic ancestry]
  3006 | D:3      | Reached XP level 5. HP: 35/36 MP: 1/9
  3363 | D:3      | Killed an ogre
  3364 | D:3      | Reached skill level 1 in Fighting
  3364 | D:3      | Reached skill level 4 in Poison Magic
  3646 | D:4      | Reached XP level 6. HP: 43/43 MP: 5/10
  3725 | D:4      | Found Sienewnak's Mayhem Merchandise.
  3761 | D:4      | Found a shimmering altar of Xom.
  3772 | D:4      | HP: 2/43 [something (4)]
  3775 | D:4      | Reached skill level 1 in Air Magic
  3775 | D:4      | Mangled by an orc priest

Illustrated notes

Levels and vault maps discovered:
D:1:      minmay_arrival_loop, layout_rooms, nicolae_kite_square_tiling_tiny
D:2:      layout_basic, minmay_misc_feat_roman
D:3:      layout_basic, mainiacjoe_overflow_surrounded_room, old_standard_altar,
          uniq_jessica
D:4:      kennysheep_kobold_camp, layout_basic, nicolae_overflow_crystal_walls,
          minmay_shop_mayhem

Skill      XL: |  1  2  3  4  5  6 |
---------------+-------------------+-----
Transmutations | 1 2 |  2.4
Stealth        | 2 |  2.4
Dodging        | 2 |  2.1
Armour         | 1 |  1.2
Conjurations   | 1 |  1.3
Fighting       | 1 |  1.1
Spellcasting   | 3 |  3.1
Poison Magic   | 4 |  4.0
Air Magic      | 1 |  1.0
Short Blades   | |  0.3
Maces & Flails | |  0.1
Shields        | |  0.1

Action                     |  1- 3 |  4- 6 || total
---------------------------+-------+-------++-------
  Melee: Unarmed           |    13 |       ||    13
         Short sword       |    23 |     1 ||    24
         Club              |     2 |       ||     2
         Punch             |     1 |     1 ||     2
         Touch             |     2 |     2 ||     4
         Whip              |       |    21 ||    21
   Cast: Sting             |    77 |    29 ||   106
         Poisonous Vapours |     8 |     4 ||    12
         Mephitic Cloud    |       |     1 ||     1
 Armour: Robe              |     9 |     2 ||    11
  Dodge: Dodged            |    28 |    13 ||    41
  Block: Other             |     1 |     8 ||     9
         Reflection        |       |     1 ||     1

Table legend: (Time is in decaauts)
 A = Elapsed time spent in this place.
 B = Non-inter-level travel time spent in this place.
 C = Inter-level travel time spent in this place.
 D = Time resting spent in this place.
 E = Time spent auto-exploring this place.
 F = Levels seen in this place.
 G = Mean time per level.
                   A        B        C        D        E       F      G
               +--------+--------+--------+--------+--------+-----+--------+
         Total |   3772 |   3630 |    142 |      0 |   3040 |   4 |  943.0 |
       Dungeon |   3772 |   3630 |    142 |      0 |   3040 |   4 |  943.0 |
               +--------+--------+--------+--------+--------+-----+--------+

Top non-repeatable levels by time:
     D:2: 1569 daAuts
     D:3: 1102 daAuts
     D:1: 792 daAuts
     D:4: 308 daAuts
